 Dungeon Crawl Stone Soup version 0.29-a0-542-g075992c915 (webtiles) character file.

Game seed: 13509033393837314601

228 sammy202020 the Skirmisher (level 5, -7/43 HPs)
             Began as a Demonspawn Berserker on June 4, 2022.
             Was a Believer of Trog.
             Mangled by Duvessa
             ... wielding a +0 rapier
              (8 damage)
             ... on level 4 of the Dungeon.
             The game lasted 00:05:48 (2883 turns).

sammy202020 the Skirmisher (Demonspawn Berserker)   Turns: 2883, Time: 00:05:49

Health: -7/43      AC:  7    Str: 18    XL:     5   Next: 71%
Magic:  5/5        EV: 12    Int: 10    God:    Trog [**....]
Gold:   220        SH:  0    Dex: 14    Spells: 4/4 levels left

rFire   . . .      SeeInvis .   k - +1 hand axe (vamp)
rCold   . . .      Faith    .   (no shield)
rNeg    . . .      Spirit   .   i - +0 acid dragon scales
rPois   .          Reflect  .   p - +0 helmet
rElec   .          Harm     .   (no cloak)
rCorr   +          Rampage  .   (no gloves)
Will    .....                   (no boots)
Stlth   ++........              (no amulet)
HPRegen 0.14/turn               (no ring)
MPRegen 0.09/turn               (no ring)

@: no status effects
A: thin skeletal structure 1, demonic guardian 1, spiny 1
a: Renounce Religion, Berserk, Trog's Hand


You were on level 4 of the Dungeon.
You worshipped Trog.
Trog was pleased with you.
You visited 1 branch of the dungeon, and saw 4 of its levels.

You collected 220 gold pieces.

Inventory:

Hand Weapons
 c - a +0 flail
 f - a +0 mace
 k - a +1 vampiric hand axe (weapon)
Missiles
 d - 4 boomerangs (quivered)
Armour
 i - +0 acid dragon scales (worn)
 p - a +0 helmet (worn)
Jewellery
 a - a ring of ice
Scrolls
 b - 2 scrolls of teleportation
Potions
 e - a potion of curing
 h - a potion of mutation
 j - a potion of heal wounds
 l - a potion of might
 n - a potion of flight
 q - a potion of attraction {unknown}


   Skills:
 * Level 4.3 Fighting
 * Level 4.1 Axes
 + Level 2.7 Armour
 + Level 2.7 Dodging


You had 4 spell levels left.
You didn't know any spells.
Your spell library was empty.

Dungeon Overview and Level Annotations

Branches:
Dungeon (4/15)
 Temple: D:4-7

Altars:
Uskayaw
The Shining One

Shops:
D:2 (

Annotations:
D:4 Duvessa


Innate Abilities, Weirdness & Mutations

You have a somewhat thin skeletal structure. (Dex +2, Stealth+)
A weak demonic guardian rushes to your aid.
You are partially covered in sharp spines.


Message History

You hit Duvessa but do no damage.
Duvessa is lightly wounded.
You closely miss Dowan. Duvessa hits you with a +0 rapier.
Dowan barely misses you.
You barely miss Duvessa.
Duvessa is lightly wounded.
You hit Dowan.
You feel better. Duvessa barely misses you. Dowan hits you with a +0 dagger.
Your iron imp hits Dowan.
Dowan hits you but does no damage. Duvessa closely misses you.
You slash Dowan!
You feel better.
Dowan is severely wounded.
You hit Duvessa but do no damage.
Your iron imp hits Dowan.
Duvessa hits you with a +0 rapier. Dowan gestures at you while chanting.
The puff of flame hits you.
You hit Dowan.
You kill Dowan!
Trog accepts your kill.
Trog appreciates your killing of a magic user.
Duvessa weeps, and shakes her weapon.
Duvessa goes berserk!
You hit Duvessa.
You feel better. Duvessa barely misses you.
Your Axes skill increases to level 4!
You closely miss Duvessa.
Duvessa is lightly wounded.
Duvessa hits you with a +0 rapier!
Your iron imp barely misses Duvessa.
Duvessa closely misses you.
You slash Duvessa!
You feel better.
Duvessa is moderately wounded.
Duvessa hits you with a +0 rapier!
* * * LOW HITPOINT WARNING * * *
Your iron imp hits Duvessa!
Duvessa barely misses you.
You fail to use your ability.
Duvessa barely misses you.
Your iron imp hits Duvessa!
You hit Duvessa.
You feel better.
Duvessa is heavily wounded.
Duvessa hits you with a +0 rapier!
* * * LOW HITPOINT WARNING * * *
Duvessa hits you with a +0 rapier!
You die...

#####..>......
.###.######..†.†........
...!......<†....#######.
.....#......#.## #. #..
#.###..#.# #. .###..#.#
#..#.# #.
......#.###..#.# #.
.?....)......#.# #.
..##...@####.#.# #.
#..5e# #...# #. #....#
#..## #. #....# ..# #.
#...## ..# #. ##.# ...
.. .# ... #. ## #.


You could see Duvessa (berserk, ally target) and a friendly iron imp (summoned).

Vanquished Creatures
  An ogre (D:4)
  Dowan (D:4)
  2 adders
  A worm (D:3)
  7 dart slugs (D:3)
  3 endoplasms
  A giant cockroach (D:1)
  3 goblins
  9 hobgoblins
  4 jackals (D:4)
  4 kobolds
  5 quokkas
  10 ball pythons
  5 bats
  2 frilled lizards (D:1)
  3 rats
61 creatures vanquished.

Vanquished Creatures (collateral kills)
  A bat (D:1)
1 creature vanquished.

Grand Total: 62 creatures vanquished

Notes
Turn   | Place    | Note
-------+----------+-------------------------------------------
     0 | D:1      | sammy202020 the Demonspawn Berserker began the quest for
                  | the Orb.
     0 | D:1      | Reached XP level 1. HP: 18/18 MP: 1/1
   365 | D:1      | Gained mutation: A weak demonic guardian rushes to your
                  | aid. [demonic ancestry]
   365 | D:1      | Reached XP level 2. HP: 22/24 MP: 2/2
   652 | D:1      | Found a faded altar of an unknown god.
  1143 | D:2      | Found Saoluk's Antique Weapon Shoppe.
  1272 | D:2      | Found a hide-covered altar of Uskayaw.
  1314 | D:2      | Gained mutation: You are partially covered in sharp spines.
                  | [demonic ancestry]
  1314 | D:2      | Reached XP level 3. HP: 29/29 MP: 3/3
  2089 | D:3      | Reached XP level 4. HP: 37/37 MP: 4/4
  2094 | D:3      | Reached ** piety under Trog
  2765 | D:4      | Noticed an ogre
  2770 | D:4      | Killed an ogre
  2771 | D:4      | Gained mutation: You have a somewhat thin skeletal
                  | structure. (Dex +2, Stealth+) [demonic ancestry]
  2771 | D:4      | Reached XP level 5. HP: 42/42 MP: 5/5
  2869 | D:4      | Noticed Duvessa
  2869 | D:4      | Noticed Dowan
  2879 | D:4      | Killed Dowan
  2883 | D:4      | HP: 1/43 [Duvessa/+0 rapier (7)]
  2883 | D:4      | Mangled by Duvessa

Illustrated notes

Levels and vault maps discovered:
D:1:      erik_arrival_triangle_medium, layout_basic,
          chequers_ecumenical_altar_grove
D:2:      layout_basic, basic_altar, serial_shops, shop
D:3:      kennysheep_slugbush, layout_loops_ring, mainiacjoe_overflow_catwalk
D:4:      layout_loops_ring, uniq_natasha, uniq_crazy_yiuf_cottage, uniq_duvessa

Skill      XL: |  1  2  3  4  5 |
---------------+----------------+-----
Axes           | 3 4 |  4.1
Armour         | 2 |  2.7
Dodging        | 2 |  2.7
Fighting       | 4 |  4.3

Action                   |  1- 3 |  4- 6 || total
-------------------------+-------+-------++-------
Melee: Hand axe          |    83 |    40 ||   123
       Punch             |       |     2 ||     2
Throw: Boomerang         |     9 |       ||     9
Invok: Berserk           |     1 |     1 ||     2
  Use: Scroll            |     7 |     5 ||    12
Armor: Animal skin       |     5 |       ||     5
       Acid dragon scale |    21 |     5 ||    26
       Ring mail         |     5 |       ||     5
Dodge: Dodged            |    55 |    21 ||    76

Table legend: (Time is in decaauts)
 A = Elapsed time spent in this place.
 B = Non-inter-level travel time spent in this place.
 C = Inter-level travel time spent in this place.
 D = Time resting spent in this place.
 E = Time spent auto-exploring this place.
 F = Levels seen in this place.
 G = Mean time per level.
                   A        B        C        D        E       F      G
               +--------+--------+--------+--------+--------+-----+--------+
         Total |   2938 |   2846 |     92 |    152 |   2081 |   4 |  734.5 |
       Dungeon |   2938 |   2846 |     92 |    152 |   2081 |   4 |  734.5 |
               +--------+--------+--------+--------+--------+-----+--------+

Top non-repeatable levels by time:
     D:3: 1123 daAuts
     D:1: 1100 daAuts
     D:2: 572 daAuts
     D:4: 142 daAuts
